 Seeded DCSS version 0.30-a0-218-gedb9141078 (webtiles) character file.

Game seed: 4421251335859484647 (custom seed)

249 LnG the Caller (level 6, 36/36 HPs)
             Began as a Kobold Summoner on Oct 6, 2022.
             Quit the game on level 3 of the Dungeon.
             The game lasted 00:11:49 (3314 turns).

LnG the Caller (Kobold Summoner)                    Turns: 3314, Time: 00:11:50

Health: 36/36      AC:  7    Str:  7    XL:     6   Next: 35%
Magic:  10/10      EV: 16    Int: 23    God:
Gold:   1376       SH:  5    Dex: 16    Spells: 5/11 levels left

rFire   . . .      SeeInvis .    g - +0 dagger
rCold   . . .      Faith    .    (no shield)
rNeg    . . .      Spirit   .    a - +0 robe
rPois   .          Reflect  +    h - +1 hat
rElec   .          Harm     .    (no cloak)
rCorr   .          Rampage  ∞    (no gloves)
Will    .....                    k - +3 pair of seven-league boots {Rampage+∞}
Stlth   ++++......               c - amulet of Melee {Reflect Regen+ Str+2 Int+5 SH+5}
HPRegen 1.06/turn                (no ring)
MPRegen 0.12/turn                (no ring)

@: no status effects
A: small, no large weapons, nightstalker 3
a: no special abilities


You were on level 3 of the Dungeon.
You visited 1 branch of the dungeon, and saw 3 of its levels.
You also visited: Sewer.

You collected 1376 gold pieces.

Inventory:

Hand Weapons
 g - a +0 dagger (weapon)
 u - the +5 whip of Wausch {spect, *Noise rN+ Dex+5 SInv}
   (You found it on level 3 of the Dungeon)

   When its wielder attacks, the weapon's spirit leaps out and strikes again.
   The spirit shares a part of any damage it takes with its wielder.
   Dex:       It affects your dexterity (+5).
   rN:        It protects you from negative energy.
   SInv:      It lets you see invisible.
   *Noise:    It may make noises in combat.
Missiles
 s - a throwing net
Armour
 a - a +0 robe (worn)
 h - a +1 hat (worn)
 k - the +3 pair of seven-league boots (worn) {Rampage+∞}
   (You acquired it on level 2 of the Dungeon)

   Its wearer moves as far as possible in that direction when moving towards
   enemies.
Jewellery
 c - the amulet of Melee (around neck) {Reflect Regen+ Str+2 Int+5 SH+5}
   (You acquired it on level 2 of the Dungeon)

   [amulet of reflection]

   It reflects blocked missile attacks.
   Str:       It affects your strength (+2).
   Int:       It affects your intelligence (+5).
   Regen:     It increases your rate of health regeneration.
   SH:        It affects your SH (+5).
Scrolls
 l - 2 scrolls of teleportation
 n - a scroll of summoning {unknown}
 o - 2 scrolls of butterflies {unknown}
 p - a scroll of enchant weapon {unknown}
 q - a scroll of vulnerability {unknown}
 r - a scroll of identify {unknown}
Potions
 b - a potion of magic
 d - 3 potions of might {unknown}
 e - a potion of berserk rage {unknown}
 f - 2 potions of heal wounds {unknown}
 i - a potion of cancellation {unknown}
 j - 2 potions of curing {unknown}
 m - 6 potions of flight
 t - a potion of lignification {unknown}


   Skills:
 * Level 2.5 Fighting
 + Level 2.2 Short Blades
 + Level 3.8 Dodging
 + Level 4.2 Stealth
 + Level 0.9 Shields
 + Level 3.0 Spellcasting
 + Level 4.6 Summonings


You had 5 spell levels left.
You knew the following spells:

 Your Spells              Type           Power      Damage    Failure   Level
a - Summon Small Mammal   Summ           100%       N/A       1%          1
b - Call Imp              Summ           25%        N/A       2%          2
c - Call Canine Familiar  Summ           25%        N/A       4%          3

Your spell library contained the following spells:

 Spells                   Type           Power      Damage    Failure   Level
 Apportation              Tloc           6%         N/A       12%         1
 Necrotise                Necr           12%        1d4       12%         1
 Summon Guardian Golem    Hex/Summ       14%        N/A       13%         3
 Ensorcelled Hibernation  Hex/Ice        6%         N/A       17%         2
 Spider Form              Tmut/Pois      3%         N/A       34%         3
 Summon Lightning Spire   Summ/Air       14%        N/A       41%         4
 Anguish                  Hex/Necr       1%         N/A       75%         4


Dungeon Overview and Level Annotations

Branches:
Dungeon (3/15)              Sewer (visited)

Altars:


Innate Abilities, Weirdness & Mutations

You are small and have problems with some larger weapons.
You are completely attuned to the shadows.


Message History

The helpless quokka fails to defend itself.
You impale the quokka!!
You kill the quokka!
A frilled lizard comes into view.
You swap places.
The helpless frilled lizard fails to defend itself.
You impale the frilled lizard!!
You kill the frilled lizard!
You swap places.
You see here a hobgoblin corpse.
t - a murky green potion
Things that are here:
a +0 whip; a +0 ring mail; a gnoll corpse
There is an open door here.
You swap places.
You swap places.
There is an open door here.
A bat comes into view.
A bat is nearby!
A goblin comes into view. It is wielding a +0 dagger.
Your hound bites the bat!
The bat dies!
You stride towards the goblin!
You hit the goblin.
You kill the goblin!
No target in view!
No target in view!
No target in view!
Things that are here:
a +0 dagger; a +0 sling; a goblin corpse You swap places.
Found a stone staircase leading up.
Found an escape hatch in the ceiling.
No target in view!
Found an escape hatch in the floor.
Found a robe.
You see here a +0 robe.
Found a stone staircase leading down.
You see here the +5 whip of Wausch {spect, *Noise rN+ Dex+5 SInv}.
u - the +5 whip of Wausch {spect, *Noise rN+ Dex+5 SInv} Are you sure you want to abandon this character and quit the game? (Confirm with "yes".)

...<.....#
##.#.....#
....<....#
>........#
...
......####
>.. .....[#
#.# ......#
#.# ####.##
#@# #.# #h#
#.# #.# #.#
#.#######.#
#.........#
###########


You could see a friendly hound (summoned).

Vanquished Creatures
  A gnoll (D:3)
  2 adders
  4 river rats
  2 worms
  2 dart slugs
  2 orcs (D:3)
  5 ball pythons
  4 endoplasms
  2 giant cockroaches
  5 goblins
  3 hobgoblins
  6 jackals
  3 quokkas
  8 bats
  9 frilled lizards
  3 rats
61 creatures vanquished.

Vanquished Creatures (collateral kills)
  A nameless horror (D:2)
  3 gnolls (D:3)
  2 river rats (Sewer)
  3 adders (Sewer)
  A worm (Sewer)
  2 orcs (D:3)
  4 bats
  2 endoplasms
  4 giant cockroaches
  A goblin (D:2)
  4 jackals
  3 quokkas (Sewer)
  3 ball pythons
  A frilled lizard (D:3)
  2 kobolds
  2 rats (D:3)
38 creatures vanquished.

Grand Total: 99 creatures vanquished

Notes
Turn   | Place    | Note
-------+----------+-------------------------------------------
     0 | D:1      | LnG the Kobold Summoner began the quest for the Orb.
     0 | D:1      | Reached XP level 1. HP: 10/10 MP: 3/3
   139 | D:1      | Found a faded altar of an unknown god.
   192 | D:1      | Reached XP level 2. HP: 15/15 MP: 5/5
   824 | D:2      | Reached XP level 3. HP: 16/20 MP: 4/6
   827 | D:2      | Learned a level 2 spell: Call Imp
   831 | D:2      | Learned a level 3 spell: Call Canine Familiar
   958 | D:2      | Noticed a nameless horror
  1138 | D:2      | Identified a scroll of acquirement
  1138 | D:2      | Acquired the amulet of Melee {Reflect Regen+ Str+2 Int+5
                  | SH+5}
  1157 | D:2      | Reached skill level 1 in Fighting
  1418 | D:2      | Acquired the +3 pair of seven-league boots {Rampage+∞}
  1418 | D:2      | Found the +3 pair of seven-league boots {Rampage+∞}
  1600 | D:2      | Killed a nameless horror
  1677 | D:2      | Reached skill level 1 in Short Blades
  2044 | D:3      | Reached XP level 4. HP: 25/25 MP: 2/7
  2085 | D:3      | Found a glowing drain.
  2123 | Sewer    | Entered a sewer
  2223 | Sewer    | Reached XP level 5. HP: 30/30 MP: 4/8
  2529 | Sewer    | Acquired 1211 gold pieces
  3012 | D:3      | Reached XP level 6. HP: 35/36 MP: 6/10
  3312 | D:3      | Identified the +5 whip of Wausch {spect, *Noise rN+ Dex+5
                  | SInv}
  3314 | D:3      | Quit the game

Illustrated notes

Levels and vault maps discovered:
D:1:      amcnicky_arrival_abandoned_market, layout_loops_ring,
          basic_ecumenical_altar
D:2:      layout_loops_corners
D:3:      minmay_diamond_boxcup, layout_basic, portal_sewer_entry_e

Skill      XL: |  1  2  3  4  5  6 |
---------------+-------------------+-----
Stealth        | 3 4 |  4.2
Fighting       | 1 2 |  2.5
Short Blades   | 1 2 |  2.2
Dodging        | 3 |  3.8
Spellcasting   | 3 |  3.0
Shields        | |  0.9
Summonings     | |  4.6

Action                   |  1- 3 |  4- 6 || total
-------------------------+-------+-------++-------
Melee: Dagger            |   116 |   236 ||   352
       Unarmed           |     3 |       ||     3
       Punch             |     1 |     5 ||     6
 Cast: Summon Small Mamm |     3 |     2 ||     5
       Call Canine Famil |     4 |    10 ||    14
       Call Imp          |     2 |     6 ||     8
  Use: Scroll            |     4 |     1 ||     5
 Stab: Sleeping          |    15 |     7 ||    22
       Distracted        |     1 |     3 ||     4
Armor: Robe              |    26 |    80 ||   106
Dodge: Dodged            |    88 |   200 ||   288
Block: Other             |    19 |    48 ||    67

Table legend: (Time is in decaauts)
 A = Elapsed time spent in this place.
 B = Non-inter-level travel time spent in this place.
 C = Inter-level travel time spent in this place.
 D = Time resting spent in this place.
 E = Time spent auto-exploring this place.
 F = Levels seen in this place.
 G = Mean time per level.
                   A        B        C        D        E       F      G
               +--------+--------+--------+--------+--------+-----+--------+
         Total |   3507 |   3420 |     87 |     57 |   1854 |   4 |  876.8 |
       Dungeon |   2523 |   2436 |     87 |     57 |   1592 |   3 |  841.0 |
         Sewer |    984 |    984 |      0 |      0 |    262 |   1 |  984.0 |
               +--------+--------+--------+--------+--------+-----+--------+

Top non-repeatable levels by time:
     D:2: 1134 daAuts
   Sewer: 984 daAuts
     D:1: 797 daAuts
     D:3: 591 daAuts
